 Dungeon Crawl Stone Soup version 0.32-a0-868-g153ae1a (webtiles) character file.

Game seed: 17463556514293885314

234 ddubukpul the Grasshopper (level 5, -1/14 HPs)
             Began as a Felid Warper on Mar 28, 2024.
             Killed by divine providence
             ... invoked by an orc priest
              (12 damage)
             ... on level 4 of the Dungeon.
             The game lasted 00:36:34 (3243 turns).

ddubukpul the Grasshopper (Felid Warper)            Turns: 3243, Time: 00:36:34

Health: -1/14      AC:  1    Str:  7    XL:     5   Next: 75%
Magic:  4/9        EV: 22    Int: 17    God:
Gold:   187        SH:  0    Dex: 17    Spells: 2/8 levels left
                                        Lives:  0   Deaths: 2

rFire   . .          .
                       - Unarmed
rCold   . . .        (shield unavailable)
rNeg    . . .        (body armour unavailable)
rPois   .            (helmet unavailable)
rElec   .            (cloak unavailable)
rCorr   .            (gloves unavailable)
SInv    +            (boots unavailable)
Will    +....        (no amulet)
Stlth   +            c - ring of willpower
HPRegen 0.22/turn    (no ring)
MPRegen 0.11/turn

%: no passive effects
@: flux-form, immotile, glowing
A: glow, contaminating, reduced hp, very small, claws 1, fangs 3, see invisible,
shaggy fur 1, stealthy paws, no weapons or thrown items, no armour, multi-lived
a: Begin Untransformation, Convert to Beogh


You were on level 4 of the Dungeon.
You were something dangerously unstable.
You visited 1 branch of the dungeon, and saw 4 of its levels.

You collected 187 gold pieces.

Inventory:

Jewellery
 c - a ring of willpower (left paw)
Talismans
 d - a flux talisman (active)
Scrolls
 a - a scroll of blinking
 b - 2 scrolls of teleportation {unknown}
 e - a scroll of enchant armour {unknown}
 f - a scroll of enchant weapon {unknown}
 g - a scroll of vulnerability {unknown}
 j - a scroll of identify {unknown}
 l - a scroll of fog {unknown}
 n - a scroll of amnesia {unknown}
Potions
 k - a potion of invisibility {unknown}


   Skills:
 + Level 3.3 Fighting
 + Level 4.7 Dodging
 - Level 1.1 Stealth
 - Level 2.1 Unarmed Combat
 - Level 2.1 Spellcasting
 + Level 5.6 Translocations
 * Level 2.2 Shapeshifting


You had 2 spell levels left.
You knew the following spells:

 Your Spells              Type           Power      Damage    Failure   Level
a - Blink                 Tloc           40%        N/A       3%          2
b - Maxwell's Portable P  Tloc           20%        2d(8-16)  19%         4

Your spell library contained the following spells:

 Spells                   Type           Power      Damage    Failure   Level
 Lesser Beckoning         Tloc           40%        N/A       3%          2
 Magic Dart               Conj           4%         1d3       19%         1
 Teleport Other           Tloc           20%        N/A       6%          3
 Vhi's Electric Charge    Tloc/Air       22%        N/A       52%         4


Dungeon Overview and Level Annotations

Branches:
Dungeon (4/15)
 Temple: D:4-7

Altars:
Hepliaklqana
Makhleb
Ru

Shops:
D:2 :

Annotations:
D:2 exclusion: adder


Innate Abilities, Weirdness & Mutations

You are something dangerously unstable.
You glow with magical radiation, making you easy to see and hit.
Foes you strike become dangerously contaminated with magical radiation.
Your maximum health is decreased, since you lack skill for your form.
You have sharp claws.
You have razor-sharp teeth.
You have supernaturally acute eyesight. (SInv)
You are covered in fur. (AC +1)
Your paws help you pounce on unaware monsters.
You are incapable of wielding weapons or throwing items.
You cannot wear armour.
You gain extra lives every three experience levels.


Message History

Unknown command.
The orc attacks as it pursues you! The orc completely misses you.
A hobgoblin comes into view.
You are too injured to fight recklessly!
Casting: Maxwell's Portable Piledriver (astonishingly dangerous; 19% risk of failure)
Confirm with . or Enter, or press ? or * to list all spells.
Okay, then.
Unknown command.
Unknown command.
Unknown command.
Unknown command.
The orc attacks as it pursues you! The orc barely misses you.
Casting: Maxwell's Portable Piledriver (astonishingly dangerous; 19% risk of failure)
Confirm with . or Enter, or press ? or * to list all spells.
Casting: Maxwell's Portable Piledriver (astonishingly dangerous; 19% risk of failure)
Press: ? - help, Dir - look around, f - activate
Okay, then.
Unknown command.
Unknown command.
Unknown command.
The orc attacks as it pursues you! The orc completely misses you.
The orc attacks as it pursues you! The orc closely misses you.
The orc attacks as it pursues you! The orc barely misses you.
Things that are here:
a +0 mace; a scorpion corpse
Things that are here:
a +0 dagger; 5 stones; a jackal corpse
Casting: Maxwell's Portable Piledriver (astonishingly dangerous; 19% risk of failure)
Confirm with . or Enter, or press ? or * to list all spells.
Casting: Maxwell's Portable Piledriver (astonishingly dangerous; 19% risk of failure)
Press: ? - help, Dir - look around, f - activate Space contracts around you and the orc and then re-expands violently!
The orc collides with the orc priest!
The orc priest is almost dead.
You kill the orc!
You are locked in place by the recoil.
The orc priest invokes the aid of Beogh against you.
Beogh smites you!
Ouch! That really hurt!
You die...

..........######....#
....#####.# #....#
..#.. ##..# #....#
.....##..## #..##
#......## #..#
##....o### #..#
#........# #..##
........#.#######...#
........#)o)p...##..#
..........#####.##..###
....#####.........<...#
......................#
...#############......#
.. ##.....# #.....#
#.....# #.....#


You could see an orc priest.

Vanquished Creatures
  A scorpion (D:4)
  A hound (D:4)
  A bombardier beetle (D:3)
  3 adders
  A ribbon worm (D:2)
  6 orcs
  8 endoplasms
  4 giant cockroaches
  5 goblins
  5 hobgoblins
  3 jackals (D:4)
  A quokka (D:1)
  9 ball pythons
  10 bats
  2 frilled lizards (D:1)
  12 kobolds
  2 rats
74 creatures vanquished.

Notes
Turn   | Place    | Note
-------+----------+-------------------------------------------
     0 | D:1      | ddubukpul the Felid Warper began the quest for the Orb.
     0 | D:1      | Reached XP level 1. HP: 11/11 MP: 4/4
   222 | D:1      | Reached XP level 2. HP: 12/15 MP: 6/6
   275 | D:1      | Learned a level 2 spell: Blink
   637 | D:1      | Shot with a sling bullet by a hobgoblin
   637 | D:1      | Lost a life (0 lives remaining)
   771 | D:1      | Reached skill level 1 in Stealth
   812 | D:1      | Reached XP level 3. HP: 19/19 MP: 7/7
   849 | D:1      | Found a faded altar of an unknown god.
   857 | D:1      | Got Plato's Codex of the Fifth Circle
  1110 | D:2      | Found a sacrificial altar of Ru.
  1259 | D:2      | Found Zaun's Book Shoppe.
  1353 | D:2      | You fall into a shaft and drop 2 floors!
  2007 | D:2      | Reached XP level 4. HP: 22/23 MP: 8/8
  2007 | D:2      | Gained a life (1 life remaining)
  2012 | D:2      | Learned a level 4 spell: Maxwell's Portable Piledriver
  2256 | D:3      | Reached skill level 1 in Shapeshifting
  2443 | D:3      | Reached skill level 5 in Translocations
  2590 | D:3      | Found a burning altar of Makhleb.
  2601 | D:3      | Found a hazy altar of Hepliaklqana.
  2821 | D:3      | HP: 1/24 [burnt (6)]
  3009 | D:4      | Reached XP level 5. HP: 13/28 MP: 9/9
  3049 | D:4      | Gained mutation: You have a pair of small horns on your
                  | head. [potion of mutation]
  3049 | D:4      | Lost mutation: You have a pair of small horns on your head.
                  | [potion of mutation]
  3049 | D:4      | Succumbed to a scorpion's poison
  3049 | D:4      | Lost a life (0 lives remaining)
  3243 | D:4      | Killed from afar by an orc priest

Illustrated notes

Levels and vault maps discovered:
D:1:      dpeg_arrival_round_c, layout_basic,
          shapermc_ecumenical_altar_rom_forum, serial_bayou_pond_d,
          minmay_surrounded
D:2:      layout_basic, basic_altar, serial_shops, shop,
          minmay_misc_feat_enclosed, chequers_serial_rivers_micro_b,
          due_unseen_surprise
D:3:      layout_basic, mainiacjoe_overflow_big_doors
D:4:      layout_rooms

Skill      XL: |  1  2  3  4  5 |
---------------+----------------+-----
Stealth        | 1 |  1.1
Dodging        | 4 |  4.7
Shapeshifting  | 1 2 |  2.2
Translocations | 5 |  5.6
Fighting       | 3 |  3.3
Unarmed Combat | |  2.1
Spellcasting   | |  2.1

Action                     |  1- 3 |  4- 6 || total
---------------------------+-------+-------++-------
  Melee: Unarmed           |   136 |    48 ||   184
         Bite              |    13 |     7 ||    20
         Punch             |     4 |       ||     4
   Cast: Blink             |     2 |       ||     2
         Maxwell's Portabl |       |     9 ||     9
    Use: Potion            |     1 |     3 ||     4
   Stab: Sleeping          |     4 |     3 ||     7
 Armour: Skin              |    52 |    13 ||    65
  Dodge: Dodged            |   108 |    46 ||   154
   Form: Flux              |       |     1 ||     1

Table legend: (Time is in decaauts)
 A = Elapsed time spent in this place.
 B = Non-inter-level travel time spent in this place.
 C = Inter-level travel time spent in this place.
 D = Time resting spent in this place.
 E = Time spent auto-exploring this place.
 F = Levels seen in this place.
 G = Mean time per level.
                   A        B        C        D        E       F      G
               +--------+--------+--------+--------+--------+-----+--------+
         Total |   3240 |   3156 |     84 |    124 |   2184 |   4 |  810.0 |
       Dungeon |   3240 |   3156 |     84 |    124 |   2184 |   4 |  810.0 |
               +--------+--------+--------+--------+--------+-----+--------+

Top non-repeatable levels by time:
     D:3: 1082 daAuts
     D:1: 1036 daAuts
     D:2: 842 daAuts
     D:4: 279 daAuts
